AoeStats
← christian

Arena

509697730Analyzed
2v2 RM · 5d ago on Sep 27, 2026· 54m 44s· 4 players
Game mode
Random Map
Map size
Medium (4 player)
Population
200
Speed
Normal
Resources
Standard
Victory
Conquest
Starting age
Dark Age
Ending age
Imperial Age
RankedLock teamsTeams togetherTeam positionsShared explorationLock speedFull tech treeHidden civsTurbo modeCheats
Victory
Defeat
🇩🇪 Bohemians · Germany
1422
+15
🇩🇪 Mongols · Germany
1400
+16
🇩🇪 Shu · Germany
1415
-16
🇬🇧 Poles · United Kingdom
1395
-15
jimmyjedi
6:31 Loom
8:50 Feudal Age
9:37 Double-Bit Axe
10:42 Padded Archer Armor
10:37 Fletching
13:34 Horse Collar
21:24 Castle Age
19:35 Gold Mining
22:05 Bodkin Arrow
22:38 Heavy Plow
22:36 Guard Tower
24:31 Wheelbarrow
28:05 Imperial Age
26:49 Bow Saw
34:17 Hand Cart
37:35 Ballistics
38:30 Chemistry
36:58 Crossbowman
38:41 Padded Archer Armor
38:55 Arbalester
40:26 Bracer
40:59 Leather Archer Armor
43:49 Thumb Ring
44:46 Elite Skirmisher
46:04 Town Watch
48:13 Siege Engineers
47:49 Treadmill Crane
50:45 Bloodlines
50:36 Husbandry
50:42 Scale Barding Armor
50:47 Forging
50:44 Light Cavalry
51:46 Conscription
51:47 Lechitic Legacy
51:32 Szlachta Privileges
51:34 Winged Hussar
52:36 Chain Barding Armor
52:51 Iron Casting
Unimpressed
11:16 Feudal Age
15:14 Castle Age
13:06 Double-Bit Axe
14:39 Horse Collar
14:53 Fletching
16:24 Bow Saw
16:15 Bodkin Arrow
16:01 Crossbowman
18:41 Padded Archer Armor
21:14 Ballistics
22:21 Thumb Ring
23:06 Heavy Plow
24:42 Gold Mining
26:01 Wheelbarrow
25:15 Loom
25:15 Town Watch
27:00 Stone Mining
28:02 Leather Archer Armor
30:10 Gold Shaft Mining
33:23 Imperial Age
31:14 Hand Cart
32:22 Scale Barding Armor
32:28 Forging
34:09 Bracer
33:34 Arbalester
34:52 Ring Archer Armor
35:29 Chemistry
36:46 Bolt Magazine
39:21 Siege Engineers
40:50 Conscription
45:07 Chain Barding Armor
45:16 Heavy Hei Guang Cavalry
48:15 Plate Barding Armor
47:01 Light Cavalry
christian
10:24 Feudal Age
9:28 Loom
11:45 Double-Bit Axe
11:57 Horse Collar
14:34 Fletching
16:09 Wheelbarrow
22:55 Castle Age
24:22 Bow Saw
24:30 Hand Cart
24:31 Bodkin Arrow
27:14 Town Watch
32:44 Hand Cart
33:48 Padded Archer Armor
33:51 Heavy Plow
34:23 Ballistics
39:27 Imperial Age
38:48 Chemistry
40:30 Elite Skirmisher
41:13 Bracer
41:28 Leather Archer Armor
41:44 Leather Archer Armor
43:36 Ring Archer Armor
54:43 Two-Man Saw
Eisbader
10:41 Feudal Age
14:26 Castle Age
12:18 Horse Collar
13:54 Double-Bit Axe
14:11 Gold Mining
15:16 Fletching
17:57 Bodkin Arrow
19:36 Padded Archer Armor
21:12 Leather Archer Armor
21:40 Loom
23:29 Wheelbarrow
23:17 Bloodlines
26:19 Husbandry
28:07 Ballistics
33:01 Imperial Age
31:50 Hand Cart
33:47 Bracer
34:50 Chemistry
35:32 Conscription
35:23 Siege Engineers
35:52 Elite Mangudai
39:45 Masonry
40:26 Onager
43:34 Siege Onager
47:33 Drill
49:20 Coinage
49:58 Town Watch
51:45 Banking
Connection lost

Rejoining the realm…

Still unreachable

The connection could not be restored.

Session expired

The server has moved on; the page needs a fresh start.